[ AOE2 MATCH · #483395288 ]
UnrankedKoreans vs Georgians
[ REPLAY ANALYSIS · EXTRACTED FROM THE RECORDED GAME ]
Feudal
—
Castle
10:21
Imperial
—
| APM avg | 44.6 |
| APM peak | 60 |
| eAPM avg | 20.8 |
| Villagers / military | 36 / 60 |
Focus
⚔️ 39.6% · 🌾 60.4%
Archer ×58 · Spearman ×2
Feudal
—
Castle
—
Imperial
—
| APM avg | 3.5 |
| APM peak | 16 |
| eAPM avg | 2.9 |
| Villagers / military | 8 / 0 |
Focus
⚔️ 3.7% · 🌾 96.3%
Feudal
—
Castle
11:47
Imperial
—
| APM avg | 23.1 |
| APM peak | 41 |
| eAPM avg | 11.0 |
| Villagers / military | 14 / 10 |
Focus
⚔️ 25.7% · 🌾 74.3%
Spearman ×10
Feudal
—
Castle
—
Imperial
—
| APM avg | 15.9 |
| APM peak | 37 |
| eAPM avg | 8.9 |
| Villagers / military | 19 / 27 |
Focus
⚔️ 38.5% · 🌾 61.5%
Scout Cavalry ×19 · Spearman ×8
Feudal
—
Castle
—
Imperial
—
| APM avg | 28.4 |
| APM peak | 79 |
| eAPM avg | 16.6 |
| Villagers / military | 21 / 13 |
Focus
⚔️ 36.6% · 🌾 63.4%
Scout Cavalry ×13
Feudal
—
Castle
12:02
Imperial
—
| APM avg | 30.3 |
| APM peak | 51 |
| eAPM avg | 16.8 |
| Villagers / military | 23 / 21 |
Focus
⚔️ 36.4% · 🌾 63.6%
Archer ×16 · Spearman ×5
Feudal
—
Castle
—
Imperial
—
| APM avg | 35.6 |
| APM peak | 68 |
| eAPM avg | 19.6 |
| Villagers / military | 23 / 0 |
Focus
⚔️ 44.4% · 🌾 55.6%
Unknown (2550) ×32
Feudal
—
Castle
6:09
Imperial
—
| APM avg | 26.0 |
| APM peak | 62 |
| eAPM avg | 20.3 |
| Villagers / military | 35 / 10 |
Focus
⚔️ 11.3% · 🌾 88.7%
Scout Cavalry ×8 · Battle Elephant ×2
Match map
Initial resources + every placement click. Lines = walls · curves = elevation contours. ◆ gold · ⬟ stone · ● berries · ✦ relic · ◌ wall gap
Your base· ✓ Closed at 10:21 · 20t walls · 2 gate(s)
Okay's base· ✓ Closed at 12:00 · 0t walls · 1 gate(s)
No.09's base· Open — 5t gap
andreslcastrom's base· Open — 7t gap
Lolda's base· Open — 7t gap
alexanderbyork's base· ✓ Closed at 12:02 · 40t walls · 2 gate(s)
Cartman AK-47's base· ✓ Closed at 12:00 · 8t walls · 2 gate(s)
夜晚的奖励哥's base· Open — 10t gap
Smoothed initial terrain · ◌ = detected wall gap · hover for details
Inputs per minute
— El Mono Monkey - - Okay
Build order — El Mono Monkey
111 actions detected in the replay
| 0:01 | Create | Villager (Male) |
| 0:01 | Create | Villager (Male) |
| 0:02 | Create | Villager (Male) |
| 0:12 | Build | Archery Range |
| 0:13 | Create | Villager (Male) |
| 0:13 | Create | Villager (Male) |
| 0:33 | Build | House |
| 0:56 | Build | Archery Range |
| 0:58 | Create | Archer |
| 0:58 | Create | Archer |
| 1:01 | Build | Palisade Wall |
| 1:02 | Create | Villager (Male) |
| 1:02 | Create | Villager (Male) |
| 1:02 | Create | Villager (Male) |
| 1:03 | Create | Villager (Male) |
| 1:17 | Build | Palisade Wall |
| 1:30 | Build | Watch Tower |
| 1:42 | Create | Archer |
| 1:42 | Create | Archer |
| 1:42 | Create | Archer |
| 1:43 | Create | Archer |
| 1:43 | Create | Villager (Male) |
| 1:44 | Create | Villager (Male) |
| 1:47 | Create | Villager (Male) |
| 1:52 | Build | House |
| 1:53 | Build | Palisade Wall |
| 2:04 | Research | Fletching |
| 2:16 | Build | Palisade Wall |
| 2:18 | Build | Palisade Wall |
| 2:19 | Create | Villager (Male) |
| 2:19 | Create | Villager (Male) |
| 2:24 | Create | Archer |
| 2:27 | Create | Spearman |
| 2:28 | Create | Spearman |
| 2:32 | Build | House |
| 2:51 | Create | Archer |
| 2:52 | Create | Archer |
| 2:52 | Create | Archer |
| 3:09 | Create | Villager (Male) |
| 3:09 | Create | Villager (Male) |
| 3:17 | Build | Palisade Gate |
| 3:20 | Build | House |
| 3:37 | Create | Villager (Male) |
| 3:37 | Create | Villager (Male) |
| 3:46 | Build | Market |
| 3:50 | Create | Archer ×3 |
| 3:50 | Create | Archer ×3 |
| 4:06 | Create | Villager (Male) |
| 4:06 | Create | Villager (Male) |
| 4:18 | Create | Archer ×2 |
| 4:25 | Research | Horse Collar |
| 4:27 | Build | Farm |
| 4:27 | Build | Farm |
| 4:28 | Build | Farm |
| 4:28 | Build | Farm |
| 4:34 | Build | Farm |
| 4:37 | Build | Farm |
| 4:41 | Build | Farm |
| 4:53 | Build | Palisade Gate |
| 5:01 | Build | Farm |
| 5:03 | Build | Farm |
| 5:10 | Create | Archer |
| 5:10 | Create | Archer |
| 5:10 | Create | Archer |
| 5:10 | Create | Archer |
| 5:11 | Create | Archer |
| 5:17 | Build | House |
| 5:17 | Build | House |
| 5:20 | Build | Palisade Wall |
| 5:21 | Build | Palisade Wall |
| 5:22 | Build | Palisade Wall |
| 5:23 | Build | Palisade Wall |
| 5:49 | Create | Archer ×3 |
| 5:50 | Create | Villager (Male) |
| 5:51 | Create | Villager (Male) |
| 5:51 | Create | Villager (Male) |
| 5:51 | Create | Villager (Male) |
| 5:51 | Create | Villager (Male) |
| 5:52 | Create | Villager (Male) |
| 6:03 | Create | Villager (Male) |
| 6:11 | Build | Farm |
| 7:06 | Build | Farm |
| 7:41 | Research | Castle Age |
| 7:47 | Create | Archer |
| 7:57 | Create | Archer ×2 |
| 7:58 | Create | Archer ×2 |
| 8:08 | Research | Gold Mining |
| 8:19 | Build | Lumber Camp |
| 8:24 | Create | Archer |
| 8:25 | Create | Archer |
| 8:25 | Create | Archer |
| 8:25 | Create | Archer |
| 9:25 | Create | Villager (Male) |
| 9:26 | Create | Villager (Male) |
| 9:30 | Create | Archer ×5 |
| 9:30 | Create | Archer ×5 |
| 9:30 | Create | Archer ×5 |
| 10:04 | Create | Archer ×3 |
| 10:21 | Age | Castle Age |
| 10:29 | Research | Crossbowman (upgrade) |
| 10:32 | Research | Thumb Ring |
| 10:35 | Research | Bodkin Arrow |
| 10:36 | Create | Villager (Male) |
| 10:37 | Create | Villager (Male) |
| 10:50 | Build | Town Center |
| 11:03 | Create | Villager (Male) |
| 11:03 | Create | Villager (Male) |
| 11:03 | Create | Villager (Male) |
| 11:15 | Create | Archer ×5 |
| 11:51 | Create | Villager (Male) |
| 11:52 | Create | Villager (Male) |
Build order — Okay
20 actions detected in the replay
| 0:05 | Create | Villager (Male) |
| 0:05 | Create | Villager (Male) |
| 0:52 | Create | Villager (Male) |
| 1:00 | Build | House |
| 1:01 | Build | House |
| 1:03 | Build | House |
| 1:10 | Build | Palisade Gate |
| 1:14 | Create | Villager (Male) |
| 1:16 | Create | Villager (Male) |
| 1:21 | Build | House |
| 1:23 | Build | House |
| 1:24 | Build | House |
| 1:27 | Build | House |
| 3:21 | Create | Villager (Male) |
| 3:21 | Create | Villager (Male) |
| 3:21 | Create | Villager (Male) |
| 3:26 | Research | Horse Collar |
| 3:31 | Research | Double-Bit Axe |
| 3:47 | Build | Farm |
| 3:57 | Build | Farm |
Build order — No.09
53 actions detected in the replay
| 0:20 | Create | Spearman |
| 0:33 | Build | House |
| 0:35 | Build | House |
| 0:37 | Build | House |
| 0:50 | Build | Mining Camp |
| 1:20 | Build | Stone Wall |
| 1:26 | Create | Villager (Male) |
| 1:26 | Create | Villager (Male) |
| 1:27 | Create | Villager (Male) |
| 1:27 | Create | Villager (Male) |
| 1:27 | Create | Villager (Male) |
| 1:36 | Build | Watch Tower |
| 1:42 | Create | Villager (Male) |
| 1:42 | Create | Villager (Male) |
| 2:26 | Build | Stone Wall |
| 2:49 | Create | Spearman |
| 3:10 | Build | Stone Wall |
| 3:41 | Create | Spearman |
| 4:31 | Build | Stone Wall |
| 4:33 | Build | Stone Wall |
| 4:39 | Build | Gate |
| 4:54 | Create | Villager (Male) |
| 4:55 | Create | Villager (Male) |
| 4:55 | Create | Villager (Male) |
| 4:55 | Create | Villager (Male) |
| 4:56 | Create | Villager (Male) |
| 5:01 | Build | Stone Wall |
| 5:25 | Create | Villager (Male) |
| 5:26 | Create | Villager (Male) |
| 5:42 | Build | Archery Range |
| 5:53 | Build | Stone Wall |
| 5:59 | Create | Spearman |
| 6:57 | Build | Farm |
| 7:04 | Build | Farm |
| 7:06 | Build | Farm |
| 7:08 | Build | Farm |
| 7:09 | Build | Farm |
| 7:11 | Build | Farm |
| 7:35 | Build | Market |
| 7:46 | Research | Stone Mining |
| 8:10 | Build | Mill |
| 8:12 | Build | Farm |
| 9:07 | Research | Castle Age |
| 9:20 | Build | Stone Wall |
| 9:37 | Create | Spearman |
| 9:38 | Create | Spearman |
| 9:38 | Create | Spearman |
| 9:39 | Create | Spearman |
| 10:26 | Build | Watch Tower |
| 10:57 | Create | Spearman |
| 10:58 | Create | Spearman |
| 11:25 | Build | Mining Camp |
| 11:47 | Age | Castle Age |
Build order — andreslcastrom
59 actions detected in the replay
| 0:08 | Create | Villager (Male) |
| 0:08 | Create | Villager (Male) |
| 0:08 | Create | Villager (Male) |
| 0:08 | Create | Villager (Male) |
| 0:09 | Create | Villager (Male) |
| 1:22 | Create | Villager (Male) |
| 1:22 | Create | Villager (Male) |
| 1:22 | Create | Villager (Male) |
| 1:31 | Create | Spearman |
| 1:32 | Create | Spearman |
| 1:32 | Create | Spearman |
| 1:32 | Create | Spearman |
| 2:09 | Build | Stable |
| 2:13 | Research | Forging |
| 2:21 | Build | Farm |
| 2:46 | Build | Farm |
| 2:51 | Create | Villager (Male) |
| 2:51 | Create | Villager (Male) |
| 2:51 | Create | Villager (Male) |
| 3:02 | Build | Stable |
| 3:16 | Build | Farm |
| 3:21 | Create | Scout Cavalry |
| 3:35 | Build | Farm |
| 3:41 | Create | Villager (Male) |
| 3:52 | Create | Scout Cavalry |
| 4:01 | Create | Spearman |
| 4:07 | Build | Farm |
| 4:10 | Create | Villager (Male) |
| 4:31 | Create | Spearman |
| 4:39 | Build | Farm |
| 4:41 | Create | Villager (Male) |
| 4:42 | Create | Villager (Male) |
| 4:50 | Create | Scout Cavalry |
| 4:58 | Build | Farm |
| 5:07 | Create | Scout Cavalry |
| 5:12 | Create | Spearman |
| 5:19 | Build | Farm |
| 5:32 | Create | Scout Cavalry |
| 5:34 | Create | Scout Cavalry |
| 5:41 | Create | Spearman |
| 5:47 | Build | Farm |
| 5:59 | Create | Villager (Male) |
| 5:59 | Create | Villager (Male) |
| 6:50 | Create | Scout Cavalry |
| 6:50 | Create | Scout Cavalry |
| 6:50 | Create | Scout Cavalry |
| 6:50 | Create | Scout Cavalry |
| 6:51 | Create | Scout Cavalry |
| 6:51 | Create | Scout Cavalry |
| 7:16 | Create | Scout Cavalry |
| 7:17 | Create | Scout Cavalry |
| 7:32 | Build | Mill |
| 7:36 | Create | Scout Cavalry |
| 7:37 | Create | Scout Cavalry |
| 7:53 | Create | Scout Cavalry |
| 7:53 | Create | Scout Cavalry |
| 7:59 | Create | Villager (Male) |
| 7:59 | Create | Villager (Male) |
| 8:17 | Create | Scout Cavalry |
Build order — Lolda
57 actions detected in the replay
| 0:03 | Create | Villager (Male) |
| 0:07 | Build | Stable |
| 0:13 | Create | Villager (Male) |
| 0:24 | Create | Villager (Male) |
| 0:29 | Research | Double-Bit Axe |
| 0:39 | Create | Villager (Male) |
| 0:43 | Build | Farm |
| 0:44 | Build | Farm |
| 0:58 | Create | Scout Cavalry |
| 0:58 | Create | Scout Cavalry |
| 1:03 | Build | Farm |
| 1:05 | Build | Farm |
| 1:12 | Create | Villager (Male) |
| 1:26 | Build | House |
| 1:27 | Build | House |
| 1:28 | Build | House |
| 1:32 | Create | Scout Cavalry |
| 1:40 | Build | Farm |
| 1:43 | Build | Farm |
| 1:43 | Create | Villager (Male) |
| 1:54 | Create | Scout Cavalry |
| 1:54 | Create | Scout Cavalry |
| 1:59 | Build | Farm |
| 2:07 | Build | Farm |
| 2:10 | Create | Villager (Male) |
| 2:10 | Create | Villager (Male) |
| 2:23 | Create | Scout Cavalry |
| 2:23 | Create | Scout Cavalry |
| 2:27 | Build | Farm |
| 2:29 | Create | Villager (Male) |
| 2:40 | Build | Farm |
| 2:51 | Build | Farm |
| 2:52 | Create | Villager (Male) |
| 2:54 | Create | Scout Cavalry |
| 3:02 | Create | Scout Cavalry |
| 3:02 | Create | Scout Cavalry |
| 3:09 | Create | Villager (Male) |
| 3:38 | Create | Scout Cavalry |
| 3:39 | Create | Villager (Male) |
| 3:43 | Build | House |
| 3:53 | Build | Town Center |
| 3:56 | Create | Villager (Male) |
| 4:05 | Create | Villager (Male) |
| 4:21 | Create | Villager (Male) |
| 4:22 | Build | Farm |
| 4:36 | Build | Farm |
| 4:48 | Create | Scout Cavalry |
| 4:49 | Create | Scout Cavalry |
| 5:07 | Create | Villager (Male) |
| 5:12 | Build | Farm |
| 5:43 | Create | Villager (Male) |
| 5:54 | Create | Villager (Male) |
| 6:12 | Research | Castle Age |
| 6:12 | Research | Castle Age |
| 6:16 | Create | Villager (Male) |
| 6:16 | Create | Villager (Male) |
| 6:17 | Create | Villager (Male) |
Build order — alexanderbyork
55 actions detected in the replay
| 0:07 | Create | Villager (Male) ×4 |
| 0:08 | Create | Villager (Male) ×4 |
| 0:08 | Create | Villager (Male) ×4 |
| 1:11 | Research | Horse Collar |
| 1:14 | Create | Villager (Male) |
| 1:41 | Build | Stone Wall |
| 1:43 | Build | Stone Wall |
| 1:51 | Build | Stone Wall |
| 1:53 | Build | Stone Wall |
| 1:56 | Build | Stone Wall |
| 1:58 | Build | Stone Wall |
| 1:59 | Build | Gate |
| 2:00 | Build | Gate |
| 2:19 | Build | Mining Camp |
| 2:24 | Build | Mining Camp |
| 2:34 | Build | Archery Range |
| 2:36 | Build | Archery Range |
| 2:46 | Create | Spearman ×5 |
| 3:30 | Build | House |
| 4:13 | Create | Archer ×5 |
| 4:13 | Create | Archer ×5 |
| 4:14 | Create | Archer ×5 |
| 4:14 | Create | Archer |
| 4:49 | Build | House |
| 4:58 | Create | Villager (Male) ×5 |
| 6:09 | Create | Villager (Male) ×5 |
| 7:12 | Build | Gate |
| 9:17 | Build | Farm |
| 9:17 | Build | Farm |
| 9:17 | Build | Farm |
| 9:17 | Build | Farm |
| 9:18 | Build | Farm |
| 9:19 | Research | Castle Age |
| 9:29 | Build | House |
| 9:30 | Build | House |
| 9:30 | Build | House |
| 9:30 | Build | House |
| 9:30 | Build | House |
| 9:31 | Build | House |
| 9:31 | Build | House |
| 9:31 | Build | House |
| 9:31 | Build | House |
| 9:32 | Build | House |
| 9:32 | Build | House |
| 9:32 | Build | House |
| 9:32 | Build | House |
| 9:33 | Build | House |
| 9:33 | Build | House |
| 9:33 | Build | House |
| 9:34 | Build | House |
| 9:34 | Build | House |
| 9:34 | Build | House |
| 9:39 | Build | Mining Camp |
| 11:44 | Build | Gate |
| 12:02 | Age | Castle Age |
Build order — Cartman AK-47
89 actions detected in the replay
| 0:05 | Create | Villager (Male) |
| 0:06 | Create | Villager (Male) |
| 0:20 | Build | Market |
| 0:22 | Build | House |
| 0:22 | Build | House |
| 0:22 | Build | House |
| 0:22 | Build | House |
| 0:34 | Create | Villager (Male) ×3 |
| 0:41 | Build | House |
| 0:45 | Build | Gate |
| 0:52 | Build | Stone Wall |
| 1:07 | Build | House |
| 1:08 | Build | House |
| 1:12 | Build | House |
| 1:13 | Build | House |
| 1:22 | Research | Scale Mail Armor |
| 1:30 | Build | House |
| 1:31 | Build | House |
| 1:34 | Build | Gate |
| 1:39 | Build | Stone Wall |
| 1:39 | Build | Stone Wall |
| 1:48 | Build | Stone Wall |
| 1:54 | Build | Gate |
| 2:06 | Create | Villager (Male) |
| 2:18 | Build | Barracks |
| 2:21 | Create | Villager (Male) |
| 2:24 | Build | Farm |
| 2:25 | Build | Farm |
| 2:25 | Build | Farm |
| 2:38 | Research | Tech 1402 |
| 2:51 | Create | Villager (Male) |
| 3:01 | Build | Barracks |
| 3:15 | Research | Gold Mining |
| 3:25 | Create | Villager (Male) |
| 3:28 | Build | Farm |
| 3:28 | Build | Farm |
| 3:29 | Build | Farm |
| 3:40 | Create | Villager (Male) |
| 3:55 | Create | Unit 2550 ×2 |
| 4:15 | Build | Barracks |
| 4:17 | Create | Villager (Male) |
| 4:35 | Create | Unit 2550 ×4 |
| 4:51 | Create | Villager (Male) |
| 5:01 | Create | Villager (Male) |
| 5:04 | Build | Farm |
| 5:05 | Build | Farm |
| 5:17 | Create | Unit 2550 |
| 5:28 | Build | Gate |
| 5:35 | Create | Villager (Male) |
| 5:51 | Create | Unit 2550 ×2 |
| 6:00 | Create | Villager (Male) |
| 6:10 | Create | Unit 2550 |
| 6:38 | Create | Unit 2550 ×3 |
| 6:42 | Create | Villager (Male) |
| 6:45 | Build | Farm |
| 6:45 | Build | Farm |
| 6:45 | Build | Farm |
| 6:46 | Build | Farm |
| 6:52 | Build | Market |
| 6:53 | Build | House |
| 6:53 | Build | House |
| 6:53 | Build | House |
| 6:54 | Build | House |
| 6:54 | Build | House |
| 6:54 | Build | House |
| 6:57 | Build | House |
| 7:10 | Create | Villager (Male) |
| 7:17 | Create | Villager (Male) |
| 7:25 | Research | Arson |
| 7:50 | Research | Forging |
| 7:56 | Build | House |
| 8:15 | Create | Villager (Male) ×3 |
| 8:21 | Build | Farm |
| 8:21 | Build | Farm |
| 8:21 | Build | Farm |
| 8:44 | Research | Wheelbarrow |
| 9:13 | Research | Horse Collar |
| 9:15 | Research | Double-Bit Axe |
| 9:48 | Create | Unit 2550 ×3 |
| 9:48 | Create | Unit 2550 ×3 |
| 10:08 | Create | Unit 2550 ×4 |
| 10:29 | Build | Farm |
| 10:29 | Build | Farm |
| 10:30 | Build | Farm |
| 10:32 | Create | Villager (Male) |
| 10:33 | Create | Villager (Male) |
| 10:49 | Create | Unit 2550 ×3 |
| 11:12 | Create | Unit 2550 ×2 |
| 11:32 | Create | Unit 2550 ×4 |
Build order — 夜晚的奖励哥
118 actions detected in the replay
| 0:07 | Create | Villager (Male) |
| 0:08 | Create | Villager (Male) |
| 0:08 | Create | Villager (Male) |
| 0:08 | Create | Villager (Male) |
| 0:08 | Create | Villager (Male) |
| 0:34 | Build | Farm |
| 0:39 | Build | Farm |
| 0:46 | Build | Farm |
| 0:52 | Build | Farm |
| 0:52 | Build | Farm |
| 0:52 | Build | Farm |
| 1:35 | Build | House |
| 1:35 | Build | House |
| 1:37 | Build | House |
| 1:37 | Build | House |
| 1:44 | Create | Villager (Male) |
| 1:45 | Create | Villager (Male) |
| 2:06 | Build | Stable |
| 2:11 | Create | Villager (Male) |
| 2:29 | Build | Farm |
| 2:45 | Build | Farm |
| 3:04 | Create | Villager (Male) |
| 3:10 | Build | Farm |
| 3:28 | Research | Castle Age |
| 3:28 | Research | Castle Age |
| 3:38 | Build | Stable |
| 3:55 | Research | Double-Bit Axe |
| 3:55 | Research | Double-Bit Axe |
| 4:11 | Research | Horse Collar |
| 4:11 | Research | Horse Collar |
| 4:15 | Research | Bloodlines |
| 4:26 | Build | House |
| 4:26 | Build | House |
| 4:27 | Build | House |
| 4:28 | Build | House |
| 4:29 | Build | House |
| 4:29 | Build | House |
| 4:39 | Research | Gold Mining |
| 4:39 | Research | Gold Mining |
| 5:05 | Build | House |
| 5:05 | Build | House |
| 5:12 | Build | Farm |
| 5:14 | Create | Villager (Male) |
| 5:15 | Create | Villager (Male) |
| 5:26 | Create | Scout Cavalry |
| 5:28 | Create | Scout Cavalry |
| 5:31 | Create | Scout Cavalry |
| 5:32 | Create | Scout Cavalry |
| 5:46 | Create | Scout Cavalry |
| 5:54 | Research | Stone Mining |
| 5:54 | Research | Stone Mining |
| 6:04 | Build | Farm |
| 6:09 | Age | Castle Age |
| 6:10 | Build | Farm |
| 6:39 | Create | Villager (Male) |
| 6:48 | Build | Town Center |
| 6:54 | Research | Light Cavalry (upgrade) |
| 7:02 | Create | Villager (Male) |
| 7:13 | Research | Bow Saw |
| 7:13 | Research | Bow Saw |
| 7:29 | Create | Villager (Male) |
| 7:57 | Create | Battle Elephant |
| 8:01 | Create | Villager (Male) |
| 8:04 | Create | Villager (Male) |
| 8:04 | Create | Villager (Male) |
| 8:09 | Build | House |
| 8:09 | Build | House |
| 8:12 | Build | House |
| 8:13 | Build | House |
| 8:19 | Build | Town Center |
| 8:37 | Create | Villager (Male) |
| 8:47 | Build | Farm |
| 8:50 | Create | Villager (Male) |
| 9:03 | Create | Battle Elephant |
| 9:39 | Create | Scout Cavalry |
| 9:39 | Create | Scout Cavalry |
| 9:39 | Create | Scout Cavalry |
| 9:43 | Create | Villager (Male) |
| 9:43 | Create | Villager (Male) |
| 9:46 | Create | Villager (Male) |
| 9:46 | Create | Villager (Male) |
| 10:08 | Build | Farm |
| 10:08 | Build | Farm |
| 10:08 | Build | Farm |
| 10:08 | Build | Farm |
| 10:09 | Build | Farm |
| 10:09 | Build | Farm |
| 10:09 | Build | Farm |
| 10:18 | Build | Farm |
| 10:18 | Build | Farm |
| 10:18 | Build | Farm |
| 10:19 | Build | Farm |
| 10:40 | Create | Villager (Male) |
| 10:40 | Create | Villager (Male) |
| 10:43 | Create | Villager (Male) |
| 10:43 | Create | Villager (Male) |
| 10:44 | Create | Villager (Male) |
| 10:46 | Create | Villager (Male) |
| 10:46 | Create | Villager (Male) |
| 10:46 | Create | Villager (Male) |
| 10:59 | Build | Farm |
| 10:59 | Build | Farm |
| 11:00 | Build | Farm |
| 11:00 | Build | Farm |
| 11:00 | Build | Farm |
| 11:00 | Build | Farm |
| 11:01 | Build | Farm |
| 11:07 | Create | Villager (Male) |
| 11:08 | Create | Villager (Male) |
| 11:16 | Build | Farm |
| 11:16 | Build | Farm |
| 11:17 | Build | Farm |
| 11:17 | Build | Farm |
| 11:17 | Build | Farm |
| 11:27 | Create | Villager (Male) |
| 11:28 | Create | Villager (Male) |
| 11:46 | Build | House |
| 11:47 | Build | House |
Match timeline
| 0:07 | Lolda · first_building Stable |
| 0:12 | El Mono Monkey · first_building Archery Range |
| 0:52 | Cartman AK-47 · wall_segment Stone Wall x5 |
| 1:01 | El Mono Monkey · wall_segment Palisade Wall x4 |
| 1:17 | El Mono Monkey · wall_segment Palisade Wall x4 |
| 1:20 | No.09 · wall_segment Stone Wall x11 |
| 1:39 | Cartman AK-47 · wall_segment Stone Wall x1 |
| 1:39 | Cartman AK-47 · wall_segment Stone Wall x1 |
| 1:41 | alexanderbyork · wall_segment Stone Wall x9 |
| 1:43 | alexanderbyork · wall_segment Stone Wall x3 |
| 1:48 | Cartman AK-47 · wall_segment Stone Wall x3 |
| 1:51 | alexanderbyork · wall_segment Stone Wall x4 |
| 1:53 | El Mono Monkey · wall_segment Palisade Wall x3 |
| 1:53 | alexanderbyork · wall_segment Stone Wall x16 |
| 1:56 | alexanderbyork · wall_segment Stone Wall x7 |
| 1:58 | alexanderbyork · wall_segment Stone Wall x6 |
| 2:06 | 夜晚的奖励哥 · first_building Stable |
| 2:09 | andreslcastrom · first_building Stable |
| 2:16 | El Mono Monkey · wall_segment Palisade Wall x2 |
| 2:18 | El Mono Monkey · wall_segment Palisade Wall x6 |
| 2:18 | Cartman AK-47 · first_building Barracks |
| 2:26 | No.09 · wall_segment Stone Wall x14 |
| 2:34 | alexanderbyork · first_building Archery Range |
| 3:10 | No.09 · wall_segment Stone Wall x12 |
| 4:31 | No.09 · wall_segment Stone Wall x3 |
| 4:33 | No.09 · wall_segment Stone Wall x7 |
| 5:01 | No.09 · wall_segment Stone Wall x8 |
| 5:20 | El Mono Monkey · wall_segment Palisade Wall x1 |
| 5:21 | El Mono Monkey · wall_segment Palisade Wall x1 |
| 5:22 | El Mono Monkey · wall_segment Palisade Wall x1 |
| 5:23 | El Mono Monkey · wall_segment Palisade Wall x1 |
| 5:42 | No.09 · first_building Archery Range |
| 5:53 | No.09 · wall_segment Stone Wall x9 |
| 6:09 | 夜晚的奖励哥 · age_up castle |
| 6:19 | Okay · resign |
| 7:08 | El Mono Monkey · first_market_sell 100 wood |
| 7:10 | El Mono Monkey · first_market_buy 100 food |
| 9:20 | No.09 · wall_segment Stone Wall x3 |
| 10:21 | El Mono Monkey · age_up castle |
| 11:47 | No.09 · age_up castle |
| 11:50 | No.09 · first_market_buy 100 stone |
| 11:59 | No.09 · first_market_sell 100 wood |
| 12:02 | alexanderbyork · age_up castle |
| 12:09 | Cartman AK-47 · first_market_sell 500 wood |
| 12:10 | Cartman AK-47 · first_market_buy 500 food |
[ AI ANALYSIS · 1 CREDIT ]
What really happened in this match?
Wolo.gg analyzes every decision: build order, eco, micro, common mistakes by bracket. Personalized analysis on WhatsApp or Discord in 30 seconds.
Civ guide
Koreans
Perfil
Jugador #2889412